 Dungeon Crawl Stone Soup version 0.22.0-18-ge075c0d (webtiles) character file.

16 rjrrt the Sneak (level 2, -1/13 HPs)
             Began as a Spriggan Summoner on Aug 18, 2018.
             Slain by a jackal (3 damage)
             ... on level 1 of the Dungeon.
             The game lasted 00:01:32 (1065 turns).

rjrrt the Sneak (Spriggan Summoner)                 Turns: 1065, Time: 00:01:33

Health: -1/13      AC:  2    Str:  4    XL:     2   Next: 41%
Magic:  7/7        EV: 19    Int: 16    God:
Gold:   49         SH:  0    Dex: 16    Spells: 4/7 levels left

rFire    . . .     SeeInvis +   b - +1 dagger
rCold    . . .     Gourm    .   (shield restricted)
rNeg     . . .     Faith    .   a - +0 robe
rPois    .         Spirit   .   (helmet restricted)
rElec    .         Reflect  .   (no cloak)
rCorr    .         Harm     .   (gloves unavailable)
MR       .....     Rnd*Tele +   (boots unavailable)
Stlth    ++++......             (no amulet)
HPRegen  0.04/turn              e - ring of teleportation (curse)
MPRegen  0.10/turn              g - ring of stealth

@: very quick
A: very small, unfitting armour, see invisible, herbivore, speed 3, slow
metabolism 2
a: no special abilities


You were on level 1 of the Dungeon.
You were not hungry.

You visited 1 branch of the dungeon, and saw 1 of its levels.

You collected 49 gold pieces.

Inventory:

Hand Weapons
 b - a +1 dagger (weapon)
Armour
 a - a +0 robe (worn)
Jewellery
 e - a cursed ring of teleportation (left hand)
 g - a ring of stealth (right hand)
Scrolls
 j - a scroll of immolation {unknown}
 k - a scroll of identify {unknown}
Potions
 d - 3 potions of curing {unknown}
 f - a potion of haste {unknown}
 h - a potion of berserk rage {unknown}
 i - a potion of cancellation {unknown}
 l - a potion of might {unknown}
Comestibles
 c - 2 rations


   Skills:
 + Level 3.4 Dodging
 + Level 3.5 Stealth
 + Level 3.0 Spellcasting
 + Level 3.4 Summonings


You had 4 spell levels left.
You knew the following spells:

 Your Spells              Type           Power        Failure   Level  Hunger
a - Summon Small Mammal   Summ           ##..         4%          1    #......
b - Call Imp              Summ           ##......     7%          2    ##.....

Your spell library contained the following spells:

 Spells                   Type           Power        Failure   Level  Hunger
 Call Canine Familiar     Summ           ##......     14%         3    ###....
 Summon Guardian Golem    Hex/Summ       #.......     28%         3    ###....
 Summon Ice Beast         Ice/Summ       #.......     67%         4    #####..
 Summon Lightning Spire   Summ/Air       #.......     67%         4    #####..


Dungeon Overview and Level Annotations

Branches:
Dungeon (1/15)

Altars:


Innate Abilities, Weirdness & Mutations

You are very small and have problems with some larger weapons.
You are too small for most types of armour.
You have supernaturally acute eyesight. (SInv)
You are a herbivore.
You cover ground extremely quickly.
You need to consume almost no food.


Message History

You closely miss the rat.
The jackal stops to sniff the ground.
The jackal closely misses you. The jackal bites you. The jackal misses you.
The giant cockroach completely misses you.
The jackal barely misses you. The rat misses you. The jackal barely misses you.
The jackal closely misses you. x2
You hit the rat.
You kill the rat!
The jackal closely misses you.
The giant cockroach completely misses you.
The jackal closely misses you. The jackal misses you. The jackal bites you.
The jackal closely misses you.
You hit the rat.
The rat is severely wounded.
The giant cockroach misses you. The jackal barely misses you. x2
The jackal bites you.
* * * LOW HITPOINT WARNING * * *
The jackal pauses to sniff the ground.
The jackal bites you.
You die...

#####.#.#.#.##### ###..#.
#.#.###.# ##..#.
#.#..(..############## #.....
#####....................###.....
.................................
......#.###############...##.....
........#......sJ.....#...##.....
........#......hhh....#.#.##..#..
#####.#.#....%rh@sw...#.#..#..#..
......#.#######r#######.#..#..##.
.....##.#.............#.#...#..#.
.....##.+⌠....###....⌠+.#.#.#..##
.....##.#......<......#.#.#.#...#
.....##.#..⌠...>...⌠.[#.†.......#
.....#..###+#######'###.†##..#...
..................^......###.#...
######......########.....###...#.


You could see a worm, an ooze, 4 jackals, 2 giant cockroaches and 2 rats.

Vanquished Creatures
  A dart slug (D:1)
  3 goblins (D:1)
  2 kobolds (D:1)
  2 bats (D:1)
  2 frilled lizards (D:1)
  2 rats (D:1)
12 creatures vanquished.

Vanquished Creatures (collateral kills)
  2 goblins (D:1)
  A hobgoblin (D:1)
  A rat (D:1)
4 creatures vanquished.

Grand Total: 16 creatures vanquished

Notes
Turn   | Place    | Note
-------+----------+-------------------------------------------
     0 | D:1      | rjrrt the Spriggan Summoner began the quest for the Orb.
     0 | D:1      | Reached XP level 1. HP: 9/9 MP: 5/5
     1 | D:1      | Found a runed door.
   272 | D:1      | Reached XP level 2. HP: 1/13 MP: 6/6
   597 | D:1      | Learned a level 2 spell: Call Imp
  1065 | D:1      | Slain by a jackal

Skill      XL: |  1  2 |
---------------+-------+-----
Spellcasting   | 3 |  3.0
Dodging        | |  3.4
Stealth        | |  3.5
Summonings     | |  3.4

Action                   || total
-------------------------++-------
Melee: Dagger            ||    62
       Unarmed           ||     1
 Cast: Summon Small Mamm ||     5
  Use: Scroll            ||     2
 Stab: Sleeping          ||     2
Armor: Robe              ||     4
Dodge: Dodged            ||    65
